 Dungeon Crawl Stone Soup version 0.21-a0-531-gacddea6 (webtiles) character file.

870 AverageBear the Slicer (level 7, -5/40 HPs)
             Began as a Deep Elf Fighter on Dec 13, 2017.
             Slain by an ogre
             ... wielding a +0 giant spiked club
              (12 damage)
             ... on level 5 of the Dungeon.
             The game lasted 00:06:25 (4831 turns).

AverageBear the Slicer (Deep Elf Fighter)           Turns: 4831, Time: 00:06:26

Health: -5/40      AC:  8    Str: 17    XL:     7   Next: 73%
Magic:  9/9        EV: 14    Int: 13    God:
Gold:   147        SH:  4    Dex: 14    Spells: 6/6 levels left

rFire    + . .     SeeInvis .   q - +1 dagger (venom)
rCold    . . .     Gourm    .   i - +0 buckler
rNeg     . . .     Faith    .   d - +0 leather armour {rF+}
rPois    .         Spirit   .   t - +2 hat
rElec    .         Reflect  .   r - +0 cloak
rCorr    .         Harm     .   x - +1 pair of gloves
MR       .....                  (no boots)
Stlth    ++........             h - amulet of magic regeneration
HPRegen  0.13/turn              u - +2 ring of strength
MPRegen  0.36/turn              e - ring of stealth

@: no status effects
A: no striking features
a: no special abilities


You were on level 5 of the Dungeon.
You were not hungry.

You visited 1 branch of the dungeon, and saw 5 of its levels.

You collected 147 gold pieces.

Inventory:

Hand Weapons
 a - a +0 rapier
 q - a +1 dagger of venom (weapon)
Armour
 b - a +1 scale mail
 c - a +0 shield
 d - a +0 leather armour of fire resistance (worn)
 i - a +0 buckler (worn)
 r - a +0 cloak (worn)
 t - a +2 hat (worn)
 x - a +1 pair of gloves (worn)
Jewellery
 e - a ring of stealth (right hand)
 h - an amulet of magic regeneration (around neck)
 n - an uncursed ring of flight
 u - a +2 ring of strength (left hand)
Wands
 s - a wand of polymorph (16)
Scrolls
 g - 2 scrolls of remove curse
 j - 5 scrolls of teleportation
 w - a scroll of fear
Potions
 k - a potion of agility
 o - a potion of cancellation {unknown}
 z - 2 potions of heal wounds {unknown}
Comestibles
 f - 3 bread rations
 m - 2 royal jellies
 p - 3 fruits


   Skills:
 - Level 2.4 Fighting
 - Level 8.0 Short Blades
 - Level 2.4 Armour
 + Level 4.6 Dodging
 - Level 2.4 Shields


You had 6 spell levels left.
You didn't know any spells.

Dungeon Overview and Level Annotations

Branches:
Dungeon (5/15)
 Temple: D:4-7

Altars:
Cheibriados
Fedhas


Message History

The hound is severely wounded.
A quokka skeleton comes into view.
You hit the ogre.
The ogre is poisoned.
The ogre is lightly wounded.
You kill the hound!
You block the ogre's attack.
You hit the ogre.
The ogre looks as sick as possible!
The ogre is lightly wounded.
You hit the ogre.
The ogre is moderately wounded.
The ogre hits you with a giant spiked club!
* * * LOW HITPOINT WARNING * * *
You hit the quokka skeleton.
The quokka skeleton is lightly damaged.
The quokka skeleton splashes around in the water.
You hit the quokka skeleton.
The quokka skeleton is moderately damaged.
The quokka skeleton bites you but does no damage.
The ogre hits you with a giant spiked club!
You die...

######.##.#
######..........
#...............
#...............
#...<...........
#...............
#.............(.
#...O......###.#
+...Z@........ .
#..........###
+............
#...........##
#...........#
....../......#
...........>##.#
......##...#.##
.# ..####
#...#.#


You could see an ogre and a quokka skeleton.

Vanquished Creatures
  Edmund (D:4)
  A sky beast (D:5)
  An ogre (D:4)
  Blork the orc (D:4)
  A scorpion (D:4)
  A howler monkey (D:4)
  3 hounds
  Crazy Yiuf (D:2)
  An iguana (D:4)
  3 worker ants
  4 gnolls
  6 adders
  3 oozes
  3 worms
  4 dart slugs
  5 leopard geckos
  7 orcs
  7 bats
  7 giant cockroaches
  9 goblins
  7 hobgoblins
  4 quokkas
  2 ball pythons
  9 frilled lizards
  6 kobolds
  7 rats
104 creatures vanquished.

Notes
Turn   | Place    | Note
-------+----------+-------------------------------------------
     0 | D:1      | AverageBear the Deep Elf Fighter began the quest for the Orb.
     0 | D:1      | Reached XP level 1. HP: 13/13 MP: 3/3
   206 | D:1      | Reached XP level 2. HP: 18/18 MP: 4/4
   268 | D:1      | Reached skill level 3 in Short Blades
   716 | D:1      | Reached XP level 3. HP: 18/22 MP: 5/5
  1005 | D:2      | Found a blossoming altar of Fedhas.
  1033 | D:2      | Reached skill level 4 in Short Blades
  1435 | D:2      | Reached XP level 4. HP: 23/27 MP: 6/6
  1499 | D:2      | Found a runed door.
  2150 | D:2      | Reached skill level 5 in Short Blades
  2274 | D:2      | Noticed Crazy Yiuf
  2281 | D:2      | Killed Crazy Yiuf
  2281 | D:2      | Reached XP level 5. HP: 17/31 MP: 7/7
  2534 | D:3      | Found a snail-covered altar of Cheibriados.
  2800 | D:3      | Reached skill level 6 in Short Blades
  3218 | D:4      | Reached XP level 6. HP: 25/36 MP: 8/8
  3566 | D:4      | Reached skill level 7 in Short Blades
  3834 | D:4      | Noticed Edmund
  3847 | D:4      | Killed Edmund
  3847 | D:4      | Reached XP level 7. HP: 40/40 MP: 9/9
  4095 | D:4      | Reached skill level 8 in Short Blades
  4208 | D:4      | Noticed Blork the orc
  4222 | D:4      | Killed Blork the orc
  4777 | D:5      | Entered Level 5 of the Dungeon
  4831 | D:5      | Slain by an ogre

Vault maps used:
D:1:      evilmike_arrival_fibonacci_small
D:2:      fedhas_altar_2, uniq_crazy_yiuf_cottage
D:3:      kennysheep_slug_shrine, cheibrodos_gnoll_hut
D:4:      first_bread, minmay_cupped, uniq_blork_the_orc, uniq_edmund
D:5:      kennysheep_windowed_goal

Skill      XL: |  1  2  3  4  5  6  7 |
---------------+----------------------+-----
Short Blades   | 3 4 5 6 7 8 |  8.0
Dodging        | 4 |  4.6
Fighting       | |  2.4
Armour         | |  2.4
Shields        | |  2.4

Action                   |  1- 3 |  4- 6 |  7- 9 || total
-------------------------+-------+-------+-------++-------
Melee: Rapier            |   150 |    80 |       ||   230
       Dagger            |       |   157 |    66 ||   223
  Use: Potion            |     1 |     2 |       ||     3
       Scroll            |       |     9 |     2 ||    11
 Stab: Invisible         |       |     1 |       ||     1
       Sleeping          |       |       |     4 ||     4
  Eat: Chunk             |     2 |     8 |     3 ||    13
Armor: Scale mail        |    67 |    75 |       ||   142
       Leather armour    |       |       |    10 ||    10
Dodge: Dodged            |    49 |    74 |    12 ||   135
Block: Shield            |    11 |       |       ||    11
       Buckler           |    35 |    35 |     4 ||    74

Table legend:
 A = Spawn XP
 B = Non-spawn XP
 C = Spawn XP percentage of total XP
 D = Spawn monster count
 E = Non-spawn monster count
 F = Spawn count percentage of total count
 G = Total turns spent on level
                    A         B        C        D         E        F      G
               +---------+---------+-------+---------+---------+-------+---------
         Total |       0 |    1244 |   0.0 |       0 |     104 |   0.0 |  4831
               +---------+---------+-------+---------+---------+-------+---------
           D:1 |       0 |      54 |   0.0 |       0 |      30 |   0.0 |  1007
           D:2 |       0 |     160 |   0.0 |       0 |      29 |   0.0 |  1474
           D:3 |       0 |     143 |   0.0 |       0 |      19 |   0.0 |   725
           D:4 |       0 |     689 |   0.0 |       0 |      23 |   0.0 |  1571
           D:5 |       0 |     198 |   0.0 |       0 |       3 |   0.0 |    54
               +---------+---------+-------+---------+---------+-------+---------
